 Dungeon Crawl Stone Soup version 0.30-a0-718-geaa24f58ff (webtiles) character file.

Game seed: 14367733911214792771

1840 junb69 the Insei (level 9, 0/73 HPs)
             Began as an Octopode Transmuter on Jan 25, 2023.
             Was a Follower of Ashenzari.
             Killed from afar by a steam dragon (19 damage)
             ... with a ball of steam
             ... on level 7 of the Dungeon.
             The game lasted 00:17:54 (5506 turns).

junb69 the Insei (Octopode Transmuter)              Turns: 5506, Time: 00:17:55

Health: 0/73       AC:  7    Str: 16    XL:     9   Next: 12%
Magic:  16/16      EV: 10    Int: 19    God:    Ashenzari [*.....]
Gold:   214        SH:  5    Dex: 12    Spells: 8/18 levels left

rFire   x . .      SeeInvis .      - Unarmed
rCold   + + +      Faith    .    (shield currently unavailable)
rNeg    . . .      Spirit   .    (helmet currently unavailable)
rPois   +          Reflect  +    j - amulet of the Chained Apathy {Reflect SH+5, Alch, Melee} (curse)
rElec   .          Harm     .    l - ring of Ashenzari's Suspicion {Str+6, Self, Fort} (curse)
rCorr   .          Rampage  .    (no ring)
Will    .....                    (no ring)
Stlth   +                        (no ring)
HPRegen 0.32/turn                (no ring)
MPRegen 0.15/turn                (no ring)
                                 (no ring)
                                 (no ring)

@: about to teleport, ice-form (expiring)
A: freezing attack, boosted hp, almost no armour, amphibious, 8 rings, large,
(camouflage 1), (gelatinous body 1), (nimble swimmer 1), (tentacles), mutation
resistance 1
a: End Transformation, Renounce Religion, Curse Item, Shatter the Chains


You were on level 7 of the Dungeon.
You worshipped Ashenzari.
Ashenzari was aware of your devotion.
You were a creature of crystalline ice.
You visited 1 branch of the dungeon, and saw 7 of its levels.

You collected 214 gold pieces.

Inventory:

Jewellery
 j - the cursed amulet of the Chained Apathy (around neck) {Reflect SH+5, Alch, Melee}
   (You found it on level 3 of the Dungeon)

   [amulet of reflection]

   It reflects blocked missile attacks.
   SH:        It affects your SH (+5).
   It has a curse which improves the following skills: Alchemy: Poison Magic and
   Transmutations.
   Melee Combat: Short Blades, Long Blades, Axes, Maces & Flails, Polearms,
   Staves and Unarmed Combat.
 l - the cursed ring of Ashenzari's Suspicion (left front paw) {Str+6, Self, Fort}
   (You found it on level 4 of the Dungeon)

   [ring of strength]

   Str:       It affects your strength (+6).
   It has a curse which improves the following skills: Introspection: Fighting
   and Spellcasting.
   Fortitude: Shields.
Wands
 m - a wand of light (8)
 p - a wand of iceblast (7)
 q - a wand of mindburst (23)
Scrolls
 e - 3 scrolls of identify
 h - a scroll of magic mapping
 i - a scroll of amnesia
 k - 2 scrolls of blinking
 r - a scroll of enchant armour
 s - a scroll of summoning
Potions
 a - a potion of lignification
 c - a potion of magic
 d - 2 potions of flight
 g - 5 potions of curing
 n - a potion of brilliance
 o - a potion of berserk rage


   Skills:
 - Level 4.5(5.4) Fighting
 - Level 2.0 Dodging
 * Level 7.7(8.6) Unarmed Combat
 - Level 4.4(5.2) Spellcasting
 - Level 4.8(5.6) Transmutations
 - Level 4.3 Ice Magic


You had 8 spell levels left.
You knew the following spells:

 Your Spells              Type           Power      Damage    Failure   Level
a - Beastly Appendage     Tmut           52%        N/A       1%          1
b - Call Imp              Summ           4%         N/A       19%         2
c - Ice Form              Ice/Tmut       23%        N/A       16%         4
d - Mephitic Cloud        Conj/Pois/Air  5%         N/A       34%         3

Your spell library contained the following spells:

 Spells                   Type           Power      Damage    Failure   Level
 Wereblood                Tmut           26%        N/A       1%          2
 Sting                    Tmut/Pois      60%        1d6       3%          1
 Ensorcelled Hibernation  Hex/Ice        26%        N/A       8%          2
 Magic Dart               Conj           16%        1d3       12%         1
 Spider Form              Tmut/Pois      15%        N/A       12%         3
 Poisonous Vapours        Pois/Air       10%        N/A       19%         2
 Olgreb's Toxic Radiance  Pois           5%         N/A       75%         4
 Anguish                  Hex/Necr       2%         N/A       77%         4


Dungeon Overview and Level Annotations

Branches:
Dungeon (7/15)             Temple (0/1) D:6

Altars:
Ashenzari
Elyvilon
Hepliaklqana
Makhleb

Shops:
D:1 *

Annotations:
D:3 1 runed translucent door, ma3's ghost, amateur OpEE
D:5 exclusion: door


Innate Abilities, Weirdness & Mutations

You are a creature of crystalline ice.
You have a powerful freezing melee attack.
Your maximum health is increased.
Your armour is entirely melded.
You are incapable of wielding weapons or throwing items.
You cannot wear most types of armour.
You are amphibious.
You can wear up to eight rings at the same time.
((Your skin changes colour to match your surroundings (Stealth+).))
((Your rubbery body absorbs attacks. (AC +1, EV +1)))
((You are camouflaged when in or above water. (Stealth+)))
((You have tentacles for arms and can constrict up to eight enemies at once.))
You are somewhat resistant to further mutation.


Message History

The arrow hits you.
The centaur shoots an arrow.
The arrow barely misses you.
The centaur shoots an arrow.
The arrow barely misses you.
The centaur shoots an arrow.
The arrow closely misses you.
The centaur shoots an arrow.
The arrow barely misses you.
The centaur shoots an arrow.
The arrow hits you.
The centaur shoots an arrow.
You reflect the arrow off an invisible shield around you!
The arrow closely misses the centaur.
The centaur shoots an arrow.
The arrow hits you. What are your orders? t - Shout!
Orders for allies: a - Attack new target. r - Retreat! s - Stop attacking. g - Guard the area. f - Follow me.
Anything else - Cancel.
Okay, then.
The centaur unwields a +0 shortbow.
The centaur hits you. You block the centaur's attack.
The centaur closely misses you. The centaur barely misses you.
You hit the centaur. You freeze the centaur.
The centaur is heavily wounded.
A steam dragon comes into view.
The centaur closely misses you. The centaur barely misses you.
The steam dragon hisses angrily.
You punch the centaur! You freeze the centaur.
You kill the centaur!
The steam dragon breathes steam at you. The ball of steam hits you!!
The steam scalds you terribly!
* * * LOW HITPOINT WARNING * * *
You hear the faint creaking of a portcullis nearby.
As you read the scroll of fog, it crumbles to dust.
The scroll dissolves into smoke.
Your transformation is almost over.
Okay, then.
As you read the scroll of teleportation, it crumbles to dust.
You feel strangely unstable. The steam dragon breathes steam at you.
The ball of steam hits you!! The steam scalds you terribly!
You die...

******** #.# *,**** *,,,,,,* #.#
******* *,,,,,,* #####.# *,,,,,*
*,,,,,,* #.....# **,***,*
*,,,,.,* #.....### *,,.#,,,
**,,,,..**####.......#####...#.,,
,,,,,,...,........<............>,
**,,,,....,###....##.#####...#g,,
******#....###..Y.+..# ***,,.#,,,
**,,,,........§§..####**,,,,,,,,,
,*,,,,.......D######..,,,**,,*,,,
,**,,,..........§# #.#**,*,,,*,,,
,,*,,,........§§§###§# *,*,,,*,,,
,,***,........§§D§##§# *,*,,,,,,,
,,,,**#####...§§§§##§###,*****,,,
,,,,,,****#...§§§§§.D..#,,,,,,,,,
*8,,,,,,+.......§§##.#§#******,,,


You could see a steam dragon (catching breath).

Vanquished Creatures
  A yak (D:6)
  A steam dragon (D:6)
  An ice beast (D:7)
  A sky beast (D:6)
  A centaur (D:7)
  3 phantoms
  4 kobold brigands (D:5)
  A bullfrog (D:6)
  4 scorpions
  A howler monkey (D:5)
  2 jellies (D:5)
  3 hounds
  Natasha (thrice) (D:2)
  2 iguanas
  3 orc wizards
  3 gnolls (D:5)
  7 adders
  2 white imps
  6 dart slugs
  8 orcs
  6 ball pythons
  4 bats
  13 endoplasms
  A giant cockroach (D:1)
  3 goblins
  4 kobolds
  A quokka (D:1)
  A frilled lizard (D:3)
  5 rats
95 creatures vanquished.

Vanquished Creatures (others)
  An orc (D:6)
  10 fungi (D:5)
  5 toadstools (D:5)
  2 withered plants (D:3)
18 creatures vanquished.

Grand Total: 113 creatures vanquished

Notes
Turn   | Place    | Note
-------+----------+-------------------------------------------
     0 | D:1      | junb69 the Octopode Transmuter began the quest for the Orb.
     0 | D:1      | Reached XP level 1. HP: 13/13 MP: 3/3
   139 | D:1      | Found Akhlom's General Store.
   222 | D:1      | Reached XP level 2. HP: 10/18 MP: 3/5
   288 | D:1      | Found a faded altar of an unknown god.
   353 | D:1      | Prayed at the altar of an unknown god.
   353 | D:1      | Became a worshipper of Ashenzari the Shackled
   846 | D:2      | Reached skill level 4 in Unarmed Combat
   932 | D:2      | Noticed Natasha
   938 | D:2      | Learned a level 2 spell: Call Imp
  1252 | D:3      | Reached XP level 3. HP: 23/23 MP: 3/6
  1400 | D:3      | Found a runed translucent door.
  1402 | D:3      | Noticed ma3's ghost (amateur OpEE)
  2224 | D:4      | Reached * piety under Ashenzari
  2355 | D:4      | Noticed a phantom
  2423 | D:4      | Reached skill level 5 in Unarmed Combat
  2423 | D:4      | Reached XP level 4. HP: 7/28 MP: 5/7
  2428 | D:4      | Learned a level 4 spell: Ice Form
  2697 | D:4      | Noticed a phantom
  3044 | D:2      | Killed Natasha
  3045 | D:2      | Reached skill level 1 in Ice Magic
  3114 | D:2      | Noticed Natasha
  3128 | D:2      | Killed Natasha
  3129 | D:2      | Reached XP level 5. HP: 33/33 MP: 6/8
  3133 | D:2      | Noticed Natasha
  3139 | D:2      | Killed Natasha
  3185 | D:5      | Entered Level 5 of the Dungeon
  3312 | D:5      | Found a burning altar of Makhleb.
  3353 | D:5      | Reached XP level 6. HP: 38/38 MP: 9/9
  3370 | D:5      | Found a white marble altar of Elyvilon.
  3391 | D:5      | Found a hazy altar of Hepliaklqana.
  3587 | D:5      | Reached XP level 7. HP: 27/47 MP: 6/13
  4353 | D:4      | Reached XP level 8. HP: 54/54 MP: 11/15
  4696 | D:5      | Noticed a slime creature
  4696 | D:5      | Noticed a slime creature
  4763 | D:5      | Gained mutation: Your spells are a little easier to cast,
                  | but a little less powerful. [potion of mutation]
  4763 | D:5      | Gained mutation: You occasionally lose the ability to drink
                  | potions when taking damage. [potion of mutation]
  4763 | D:5      | Gained mutation: You have a pair of small antennae on your
                  | head. [potion of mutation]
  4763 | D:5      | Gained mutation: You expend magic power (3 MP) to
                  | strengthen your wands. [potion of mutation]
  4764 | D:5      | Lost mutation: You expend magic power (3 MP) to strengthen
                  | your wands. [potion of mutation]
  4764 | D:5      | Lost mutation: You occasionally lose the ability to drink
                  | potions when taking damage. [potion of mutation]
  4764 | D:5      | Gained mutation: You are robust. (+10% HP) [potion of
                  | mutation]
  4764 | D:5      | Lost mutation: You are robust. (+10% HP) [potion of
                  | mutation]
  4764 | D:5      | Gained mutation: You are partially covered in iridescent
                  | scales. (AC +2) [potion of mutation]
  4770 | D:5      | Learned a level 3 spell: Mephitic Cloud
  4772 | D:6      | Noticed a yak
  4772 | D:6      | Noticed a yak
  4772 | D:6      | Noticed a yak
  4772 | D:6      | Noticed a yak
  4867 | D:6      | Reached skill level 6 in Unarmed Combat
  5161 | D:6      | Lost mutation: Your spells are a little easier to cast, but
                  | a little less powerful. [potion of mutation]
  5161 | D:6      | Lost mutation: You are partially covered in iridescent
                  | scales. (AC +2) [potion of mutation]
  5161 | D:6      | Lost mutation: You have a pair of small antennae on your
                  | head. [potion of mutation]
  5161 | D:6      | Gained mutation: You are somewhat resistant to further
                  | mutation. [potion of mutation]
  5372 | D:6      | Found a staircase to the Ecumenical Temple.
  5414 | D:6      | Killed a yak
  5415 | D:6      | Reached skill level 7 in Unarmed Combat
  5415 | D:6      | Reached XP level 9. HP: 31/61 MP: 8/16
  5506 | D:7      | Killed from afar by a steam dragon

Illustrated notes

Levels and vault maps discovered:
D:1:      lightli_arrival_farm, layout_loops_ring,
          hellmonk_ecumenical_altar_run_dry, serial_shops, shop
D:2:      layout_rooms, uniq_natasha
D:3:      layout_loops_ring, gammafunk_ghost_grave, palyth_stone_intersect,
          kennysheep_generic_room_15
D:4:      layout_basic, minmay_crystal_water
D:5:      cheibrodos_fertilizer, layout_rooms, marbit_many_paths,
          mainiacjoe_overflow_large_starburst, minmay_fractal_squares_gapless_5
D:6:      layout_loops_ring, minmay_temple_entry_large_hall,
          uniq_crazy_yiuf_cottage
D:7:      layout_basic, minmay_overflow_temple_star_quad, enter_bailey_2

Skill      XL: |  1  2  3  4  5  6  7  8 |
---------------+-------------------------+-----
Unarmed Combat | 4 5 7 |  7.7
Ice Magic      | 1 2 4 |  4.3
Transmutations | 3 4 |  4.8
Fighting       | 2 3 4 |  4.5
Spellcasting   | 3 4 |  4.4
Dodging        | |  2.0

Action                     |  1- 3 |  4- 6 |  7- 9 || total
---------------------------+-------+-------+-------++-------
  Melee: Unarmed           |    67 |    47 |   111 ||   225
         Kick              |    16 |    12 |       ||    28
         Tentacles         |     8 |     6 |     3 ||    17
         Constrict         |    16 |     7 |     2 ||    25
         Punch             |     2 |       |       ||     2
   Cast: Beastly Appendage |    25 |    11 |       ||    36
         Ice Form          |       |     2 |    17 ||    19
 Invoke: Curse Item        |     2 |       |       ||     2
    Use: Scroll            |     3 |       |     6 ||     9
         Potion            |       |       |     4 ||     4
   Stab: Sleeping          |     5 |     2 |       ||     7
 Armour: Skin              |     1 |     6 |    27 ||    34
  Dodge: Dodged            |    26 |    13 |    40 ||    79
  Block: Other             |     3 |     6 |    24 ||    33
         Reflection        |       |       |     3 ||     3

Table legend: (Time is in decaauts)
 A = Elapsed time spent in this place.
 B = Non-inter-level travel time spent in this place.
 C = Inter-level travel time spent in this place.
 D = Time resting spent in this place.
 E = Time spent auto-exploring this place.
 F = Levels seen in this place.
 G = Mean time per level.
                   A        B        C        D        E       F      G
               +--------+--------+--------+--------+--------+-----+--------+
         Total |   5487 |   5231 |    256 |    686 |   3442 |   7 |  783.9 |
       Dungeon |   5487 |   5231 |    256 |    686 |   3442 |   7 |  783.9 |
               +--------+--------+--------+--------+--------+-----+--------+

Top non-repeatable levels by time:
     D:4: 1397 daAuts
     D:5: 1111 daAuts
     D:3: 884 daAuts
     D:1: 784 daAuts
     D:6: 648 daAuts
     D:2: 602 daAuts
     D:7: 59 daAuts
